 Dungeon Crawl Stone Soup version 0.25-a0-566-g062765be81 (webtiles) character file.

Game seed: 18052763104266163614, levelgen mode: deterministic

0 Gargoyl the Skirmisher (level 1, -15/19 HPs)
             Began as a Centaur Abyssal Knight on Feb 28, 2020.
             Was a Follower of Lugonu.
             Demolished by a large abomination (34 damage)
             ... on level 1 of the Abyss.
             The game lasted 00:01:01 (152 turns).

Gargoyl the Skirmisher (Centaur Abyssal Knight)      Turns: 152, Time: 00:01:02

Health: -15/19     AC:  4    Str: 12 (14) XL:     1   Next: 0%
Magic:  2/2        EV:  9    Int:  8 (11) God:    Lugonu [*.....]
Gold:   26         SH:  0    Dex:  6 (8)  Spells: 0/0 levels left

rFire    . . .     SeeInvis .   a - +2 hand axe
rCold    + . .     Gourm    .   (no shield)
rNeg     . . .     Faith    .   b - +0 leather armour
rPois    .         Spirit   .   (no helmet)
rElec    .         Reflect  .   (no cloak)
rCorr    .         Harm     .   (no gloves)
MR       .....                  (no barding)
Stlth    ..........             (no amulet)
HPRegen  0.06/turn              (no ring)
MPRegen  0.08/turn              (no ring)

@: very quick
A: large, hooves 3, cold resistance 1, deformed body, speed 2, tough skin 3
a: Depart the Abyss, Renounce Religion


You were on level 1 of the Abyss.
You worshipped Lugonu.
Lugonu was aware of your devotion.
You were not hungry.

You visited 0 branches of the dungeon, and saw 0 of its levels.
You visited the Abyss 1 time.

You collected 26 gold pieces.

Inventory:

Hand Weapons
 a - a +2 hand axe (weapon)
Armour
 b - a +0 leather armour (worn)
Comestibles
 c - a ration


   Skills:
 + Level 3.0 Fighting
 + Level 1.7 Axes
 + Level 1.3 Armour
 + Level 0.6 Dodging
 + Level 2.0 Invocations


You couldn't memorise any spells.
You didn't know any spells.
Your spell library was empty.

Dungeon Overview and Level Annotations

Branches:
Dungeon (0/15)

Altars:


Innate Abilities, Weirdness & Mutations

You have hooves in place of feet.
Armour fits poorly on your strangely shaped body.
You cover ground very quickly.
You have extremely tough skin. (AC +3)
Your flesh is cold resistant. (rC+)


Message History

An ettin skeleton comes into view.
The ynoxinul gestures.
Found a scroll labeled YNINAS KIS APH.
d - a scroll labeled YNINAS KIS APH
There are no items here.
You aren't carrying any potions.
Unknown command.
As you read the scroll labeled YNINAS KIS APH, it crumbles to dust.
It is a scroll of enchant weapon.
Your +1 hand axe glows red for a moment.
A small abomination comes into view.
A wretched star comes into view.
A quasit comes into view.
You enter the shallow water.
Moving in this stuff is going to be slow.
Found a scroll labeled AFFOAS KEHA.
A large abomination comes into view.
The large abomination hits you!!
Ouch! That really hurt!
You die...

....#≈♣.# *#. ## #.#
.#..≈≈x..#.#. #
...##.#.≈≈# #..#.x.
.##.#.§#.≈≈#.######.
#.....#..≈*### ##
..##...#≈♣#.##
#........≈≈...#
.###.##.X≈≈.#.# #
##@≈≈.#..# #.≈≈..#
##≈≈#..# # ≈≈#.##
≈≈# # ≈≈. ≈♣.. ≈≈..#
≈≈.#.


You could see a wretched star, a large abomination and a small abomination.

Vanquished Creatures (others)
  2 bushes (Abyss:1)
2 creatures vanquished.

Notes
Turn   | Place    | Note
-------+----------+-------------------------------------------
     0 | Abyss:1  | Gargoyl the Centaur Abyssal Knight began the quest for the
                  | Orb.
     0 | Abyss:1  | Reached XP level 1. HP: 19/19 MP: 2/2
     9 | Abyss:1  | Found a corrupted altar of Lugonu.
    63 | Abyss:1  | Noticed a large abomination
    65 | Abyss:1  | Noticed a neqoxec
    65 | Abyss:1  | Gained mutation: Your flesh is cold resistant. (rC+) [a
                  | neqoxec]
    84 | Abyss:1  | Noticed a ynoxinul
    92 | Abyss:1  | Noticed an ettin skeleton
   126 | Abyss:1  | Noticed a small abomination
   128 | Abyss:1  | Noticed a wretched star
   141 | Abyss:1  | Noticed a quasit
   145 | Abyss:1  | Noticed a large abomination
   152 | Abyss:1  | Demolished by a large abomination

Levels and vault maps discovered:
Abyss:1:  evilmike_abyss_exit_plants

Action                   || total
-------------------------++-------
  Use: Scroll            ||     1
       Potion            ||     1

Table legend:
 A = Non-vault XP
 B = Vault XP
 C = Vault XP percentage of total XP
 D = Non-vault monster count
 E = Vault monster count
 F = Vault count percentage of total count
                 A         B        C        D         E       F
            +---------+---------+-------+---------+---------+-------
      Total |       0 |       0 |   N/A |       0 |       0 |  -nan
            +---------+---------+-------+---------+---------+-------
            +---------+---------+-------+---------+---------+-------
